[Event "Titled Tuesday Blitz February 07 Early 2023"]
[White "Iljin, Timofey"]
[Black "Kaasen, Tor Fredrik"]
[WhiteFideId "14110180"]
[BlackFideId "1516647"]
[WhiteElo "2329"]
[BlackElo "2480"]
[Result "0-1"]
[Round "01"]
[TimeControl "180+2"]
[Date "2023.02.07"]
[WhiteClock "0:00:25"]
[BlackClock "0:00:32"]

1. d4 d5 2. c4 c6 3. Nc3 Nf6 4. Nf3 dxc4 5. a4 Bf5 6. Nh4 Be6 7. e4 g6 8. Be2 Bg7 9. O-O O-O 10. Nf3 Bg4 11. Bxc4 Bxf3 12. gxf3 Nh5 13. Be3 e5 14. d5 Qh4 15. Kh1 Nf4 16. Rg1 cxd5 17. Nxd5 Nxd5 18. Qxd5 Nc6 19. Rad1 Qh5 20. Kg2 Bh6 21. Qd7 Bxe3 22. fxe3 Qg5+ 23. Kf2 Qh4+ 24. Kg2 Rad8 25. Qxb7 Rb8 26. Qa6 Rxb2+ 27. Be2 Nb4 28. Qc4 Rc2 29. Qb5 a6 30. Qxe5 Rxe2+ 31. Kh1 Qf2 32. Qg3 Qxg3 33. hxg3 Rxe3 34. Kg2 Re2+ 35. Kh3 Ra2 36. Rd4 Rxa4 37. Rb1 a5 38. Rd7 Ra2 39. Ra7 Nc6 40. Ra6 Nd4 41. f4 h5 42. Rd1 Nf3 43. Rf1 Rh2# 0-1


[Site "https://www.chess.com"]

[Event "Titled Tuesday Blitz February 07 Early 2023"]
[White "Perez Ponsa, Federico"]
[Black "Nur-Mukhametova, Alisa"]
[WhiteFideId "117927"]
[BlackFideId "54117739"]
[WhiteElo "2532"]
[BlackElo "2170"]
[Result "1-0"]
[Round "01"]
[TimeControl "180+2"]
[Date "2023.02.07"]
[WhiteClock "0:00:11"]
[BlackClock "0:00:10"]

1. e4 c5 2. Nf3 d6 3. d4 cxd4 4. Nxd4 Nf6 5. Nc3 a6 6. Be2 e6 7. g4 b5 8. g5 Nfd7 9. a3 Bb7 10. f4 h6 11. Bh5 Nc5 12. h4 Nxe4 13. Nxe4 Bxe4 14. O-O g6 15. Bf3 Bxf3 16. Qxf3 d5 17. b4 Bg7 18. Bb2 Qb6 19. Qf2 Nc6 20. Rad1 Nxd4 21. Rxd4 h5 22. Re1 O-O 23. Ba1 Rac8 24. Kg2 Rc4 25. Rxc4 Qxf2+ 26. Kxf2 bxc4 27. Bxg7 Kxg7 28. Ke3 Rc8 29. c3 Kf8 30. Kd4 Ke7 31. Ke5 Re8 32. a4 Rd8 33. Rb1 Rb8 34. b5 axb5 35. axb5 Rb6 36. Rb2 Rb7 37. b6 Kd7 38. Kf6 Kc6 39. Rb1 Rxb6 40. Rxb6+ Kxb6 41. Kxf7 d4 42. cxd4 c3 43. d5 exd5 44. f5 c2 45. fxg6 c1=Q 46. g7 Qc7+ 47. Kg6 Qd6+ 48. Kh7 Qe7 49. Kh8 Qe5 50. Kh7 Qxg7+ 51. Kxg7 d4 52. Kh6 d3 53. g6 d2 54. g7 d1=Q 55. g8=Q Qd2+ 56. Qg5 Qd6+ 57. Kxh5 Qd1+ 58. Kh6 Kc6 59. h5 Kd7 60. Qf6 Qd2+ 61. Kg7 Qg2+ 62. Qg6 Qb2+ 63. Kh7 Qh2 64. h6 Qh3 65. Kg8 Qb3+ 66. Qf7+ Qxf7+ 67. Kxf7 Kd6 68. h7 Ke5 69. h8=Q+ Ke4 70. Qf6 Ke3 71. Ke6 Kd2 72. Qe5 1-0


[Site "https://www.chess.com"]

[Event "Titled Tuesday Blitz February 07 Early 2023"]
[White "Urbina Perez, Juan Antonio"]
[Black "Boruchovsky, Avital"]
[WhiteFideId "2217368"]
[BlackFideId "2800055"]
[WhiteElo "2266"]
[BlackElo "2539"]
[Result "0-1"]
[Round "01"]
[TimeControl "180+2"]
[Date "2023.02.07"]
[WhiteClock "0:02:00"]
[BlackClock "0:02:24"]

1. Nf3 d5 2. d4 Bf5 3. g3 e6 4. Bg2 h6 5. O-O c6 6. Nbd2 Nf6 7. c3 Nbd7 8. Qb3 Qb6 9. Re1 Bh7 10. c4 Qxb3 11. axb3 Bb4 12. Ra4 a5 13. Rf1 O-O 14. Ne1 dxc4 15. Nxc4 b5 0-1


[Site "https://www.chess.com"]

[Event "Titled Tuesday Blitz February 07 Early 2023"]
[White "Lodici, Lorenzo"]
[Black "Yeritsyan, Hayk"]
[WhiteFideId "884189"]
[BlackFideId "13307320"]
[WhiteElo "2524"]
[BlackElo "2241"]
[Result "1-0"]
[Round "01"]
[TimeControl "180+2"]
[Date "2023.02.07"]
[WhiteClock "0:01:22"]
[BlackClock "0:00:03"]

1. c4 Nf6 2. Nc3 e6 3. e4 d5 4. e5 d4 5. exf6 dxc3 6. bxc3 Qxf6 7. Nf3 b6 8. Qa4+ Bd7 9. Qb3 c5 10. d4 Nc6 11. Bd3 cxd4 12. Bg5 Ne5 13. Bxf6 Nxd3+ 14. Kf1 Nc5 15. Qd1 gxf6 16. cxd4 Ne4 17. Qd3 Bc6 18. Re1 Nd6 19. d5 Bd7 20. Nd4 e5 21. f4 Bg7 22. Nc6 e4 23. Rxe4+ Kf8 24. Re1 Nb7 25. Ne7 Nc5 26. Qb1 h5 27. Nf5 Bh6 28. Nxh6 Rxh6 29. Kf2 Rg6 30. Re3 Kg7 31. Rhe1 Rg8 32. Rg3 Kh6 33. Re7 Bg4 34. h3 f5 35. hxg4 Ne4+ 36. Rxe4 fxe4 37. g5+ 1-0


[Site "https://www.chess.com"]

[Event "Titled Tuesday Blitz February 07 Early 2023"]
[White "Andrews, Todd"]
[Black "Alexakis, Dimitris"]
[WhiteFideId "2012456"]
[BlackFideId "4277023"]
[WhiteElo "2220"]
[BlackElo "2436"]
[Result "0-1"]
[Round "01"]
[TimeControl "180+2"]
[Date "2023.02.07"]
[WhiteClock "0:00:49"]
[BlackClock "0:02:06"]

1. e4 b6 2. d4 Bb7 3. Bd3 e6 4. Qe2 c5 5. c3 cxd4 6. cxd4 Nc6 7. Nf3 Nb4 8. Bb5 Rc8 9. Nc3 a6 10. Ba4 b5 11. Bb3 Nf6 12. O-O Be7 13. Bg5 d5 14. Bxf6 Bxf6 15. a3 dxe4 16. Nxe4 Nd5 17. Nc5 Qe7 18. Rac1 O-O 19. Nxb7 Qxb7 20. Ne5 Nf4 21. Qg4 Bxe5 22. dxe5 Nd3 23. Rxc8 Rxc8 24. h4 Nxe5 25. Qg3 Nc4 26. h5 h6 27. Rd1 Nxb2 28. Qe5 Nxd1 29. Bxd1 Qd5 0-1


[Site "https://www.chess.com"]

[Event "Titled Tuesday Blitz February 07 Early 2023"]
[White "Vakhlamov, Igor L."]
[Black "Jimenez Almeida, Luis David"]
[WhiteFideId "24126748"]
[BlackFideId "22242244"]
[WhiteElo "2413"]
[BlackElo "2242"]
[Result "1-0"]
[Round "01"]
[TimeControl "180+2"]
[Date "2023.02.07"]
[WhiteClock "0:01:56"]
[BlackClock "0:01:07"]

1. e4 Nf6 2. Nc3 d5 3. exd5 Nxd5 4. Qf3 Nb6 5. a4 a5 6. Bb5+ N8d7 7. Nh3 c6 8. Be2 e5 9. O-O Be7 10. Qg3 O-O 11. d3 f5 12. f4 Bf6 13. fxe5 Nxe5 14. Bf4 Re8 15. Rae1 Nf7 16. Kh1 Bxc3 17. bxc3 Nxa4 18. Bh5 Rxe1 19. Rxe1 Bd7 20. Ng5 Nxg5 21. Bxg5 Qf8 22. Be7 Qb8 23. Bd6 Qd8 24. Re7 1-0


[Site "https://www.chess.com"]

[Event "Titled Tuesday Blitz February 07 Early 2023"]
[White "Antonios, Johnny"]
[Black "Grigorjev, Iljya"]
[WhiteFideId "5300843"]
[BlackFideId "24159565"]
[WhiteElo "2269"]
[BlackElo "2426"]
[Result "0-1"]
[Round "01"]
[TimeControl "180+2"]
[Date "2023.02.07"]
[WhiteClock "0:00:18"]
[BlackClock "0:00:17"]

1. e4 e5 2. Nf3 Nc6 3. Bc4 Bc5 4. c3 Nf6 5. d3 O-O 6. O-O d6 7. h3 h6 8. Nbd2 a5 9. Re1 Ba7 10. Nf1 Be6 11. Bb5 Ne7 12. Be3 Ng6 13. Bxa7 Rxa7 14. d4 c6 15. Ba4 Qc7 16. Ng3 Nf4 17. Nh4 Raa8 18. Ngf5 Rad8 19. Kh2 d5 20. exd5 Rxd5 21. g3 Ng6 22. Bb3 Bxf5 23. Nxf5 Rdd8 24. Qf3 Kh7 25. Bc2 exd4 26. Nxd4 Nd5 27. h4 Kg8 28. h5 Ne5 29. Qf5 Nf6 30. Kg2 Rd5 31. Bb3 Rc5 32. Qh3 Nd3 33. Re2 Rxh5 34. Ne6 fxe6 35. Qxe6+ Kh8 36. Rd1 Nc5 37. Qe7 Qxe7 38. Rxe7 Nxb3 39. axb3 Rb5 40. Ra1 Nd5 41. Rd7 Rxb3 42. Rxa5 Rxb2 43. c4 Ne3+ 44. Kg1 Rbxf2 45. Rf5 R2xf5 46. Rd8 Rxd8 0-1


[Site "https://www.chess.com"]

[Event "Titled Tuesday Blitz February 07 Early 2023"]
[White "Pakleza, Zbigniew"]
[Black "Turzo, Attila"]
[WhiteFideId "1119290"]
[BlackFideId "704954"]
[WhiteElo "2494"]
[BlackElo "2279"]
[Result "1-0"]
[Round "01"]
[TimeControl "180+2"]
[Date "2023.02.07"]
[WhiteClock "0:00:06"]
[BlackClock "0:00:30"]

1. d4 Nf6 2. Nf3 e6 3. Bf4 d5 4. e3 Bd6 5. Bg3 c5 6. c3 Qc7 7. Nbd2 Nbd7 8. Be2 O-O 9. c4 b6 10. Rc1 Bb7 11. dxc5 bxc5 12. O-O Rac8 13. Qa4 Bxg3 14. hxg3 Qb6 15. Nb3 Rfd8 16. Rfd1 Bc6 17. Qa3 Ba8 18. Rc2 Rc7 19. Rdc1 Rdc8 20. cxd5 exd5 21. Ba6 Bb7 22. Bxb7 Qxb7 23. Nxc5 Qb5 24. Nxd7 Qxd7 25. Rxc7 Rxc7 26. Rxc7 Qxc7 27. Qc3 Qxc3 28. bxc3 Ne4 29. Nd4 Nxc3 30. a3 Kf8 31. Kf1 Ke8 32. f3 Kd7 33. Ke1 Nb1 34. a4 Nc3 35. a5 g6 36. g4 Na4 37. Kd2 Kd6 38. g5 Kc5 39. f4 Nb2 40. a6 Nc4+ 41. Kd3 Kb6 42. e4 Kxa6 43. exd5 Nd6 44. Nc6 Kb6 45. Kd4 a5 46. Ke5 a4 47. Kxd6 a3 48. Nd4 a2 49. Nc2 Kb5 50. Ke5 Kc4 51. d6 Kc3 52. Na1 Kb2 53. d7 Kxa1 54. d8=Q Kb2 55. Qd4+ Kb1 56. Kf6 a1=Q 57. Qxa1+ Kxa1 58. Kxf7 1-0


[Site "https://www.chess.com"]

[Event "Titled Tuesday Blitz February 07 Early 2023"]
[White "Jaskolka, Tomasz"]
[Black "Murzin, Volodar"]
[WhiteFideId "1170791"]
[BlackFideId "44155573"]
[WhiteElo "2238"]
[BlackElo "2604"]
[Result "1-0"]
[Round "01"]
[TimeControl "180+2"]
[Date "2023.02.07"]
[WhiteClock "0:00:07"]
[BlackClock "0:00:06"]

1. d4 Nf6 2. Bf4 g6 3. Nc3 d5 4. e3 Bg7 5. h4 O-O 6. h5 Nxh5 7. Rxh5 gxh5 8. Qxh5 e6 9. Bd3 f5 10. Nf3 c5 11. Ng5 h6 12. Nf3 Nc6 13. Bxh6 cxd4 14. exd4 Bxh6 15. Qxh6 Qf6 16. Qh3 Nxd4 17. Nxd4 Qxd4 18. O-O-O Qg7 19. Rh1 Rf6 20. g4 fxg4 21. Qe3 Rf3 22. Qc5 Rh3 23. Rg1 Qh6+ 24. f4 Rh1 25. b3 Qxf4+ 26. Kb2 Rxg1 27. Qxg1 Bd7 28. Qh1 Qf7 29. Qh4 Qg7 30. Kc1 Rf8 31. Ne2 e5 32. Ng3 e4 33. Be2 Be6 34. Nh5 Qh6+ 35. Kb2 Kh8 36. Qh2 Qxh5 37. Qxh5+ Kg7 38. Bxg4 Bf7 39. Qg5+ Kh8 40. Qh6+ Kg8 41. Be6 Bxe6 42. Qxe6+ Kg7 43. Qxd5 1-0


[Site "https://www.chess.com"]

[Event "Titled Tuesday Blitz February 07 Early 2023"]
[White "Lobanov, Sergei"]
[Black "Baghdasaryan, Vahe"]
[WhiteFideId "24183750"]
[BlackFideId "13303139"]
[WhiteElo "2536"]
[BlackElo "2257"]
[Result "0-1"]
[Round "01"]
[TimeControl "180+2"]
[Date "2023.02.07"]
[WhiteClock "0:00:19"]
[BlackClock "0:01:07"]

1. e4 c5 2. Nf3 e6 3. d4 cxd4 4. Nxd4 Nf6 5. Nc3 Nc6 6. Ndb5 Bc5 7. Nd6+ Ke7 8. Nc4 d5 9. exd5 exd5 10. Na3 Re8 11. Be2 Kf8 12. O-O d4 13. Na4 Bd6 14. Nc4 Bb8 15. Bf3 b5 16. g3 Bb7 17. Nc5 bxc4 18. Nxb7 Qb6 19. Bxc6 Qxc6 20. Na5 Qd5 21. b4 Bc7 22. Bb2 Rad8 23. a4 Ne4 24. Qg4 Nd2 25. Rfd1 Nf3+ 26. Kh1 Ne5+ 0-1


[Site "https://www.chess.com"]

[Event "Titled Tuesday Blitz February 07 Early 2023"]
[White "Hajiyev, Kanan"]
[Black "Kopylov, Alexander A."]
[WhiteFideId "13404148"]
[BlackFideId "4164857"]
[WhiteElo "2197"]
[BlackElo "2397"]
[Result "0-1"]
[Round "01"]
[TimeControl "180+2"]
[Date "2023.02.07"]
[WhiteClock "0:00:04"]
[BlackClock "0:01:17"]

1. d4 Nf6 2. Nf3 e6 3. c4 d5 4. cxd5 exd5 5. Nc3 Be6 6. Bf4 a6 7. e3 Nbd7 8. Be2 b5 9. O-O c5 10. dxc5 Bxc5 11. Rc1 O-O 12. Nd4 Rc8 13. Bf3 Qb6 14. Nb3 Be7 15. Qd4 Rc4 16. Qxb6 Nxb6 17. Rfd1 Rfc8 18. Na5 R4c5 19. Nb7 Rc4 20. Bd6 Kf8 21. a3 Na4 22. Bxe7+ Kxe7 23. Na5 Nxc3 24. bxc3 Rxc3 25. Ra1 Ne4 26. h3 f5 27. a4 R8c5 28. Nb7 Rc7 29. Na5 R7c5 30. Nb7 R5c4 31. axb5 axb5 32. Rab1 b4 33. Na5 Kd6 34. Nxc4+ Rxc4 35. Rd4 Kc5 36. Rdd1 Nc3 37. Rdc1 Nxb1 38. Rxb1 d4 39. exd4+ Rxd4 40. Kf1 b3 41. Ke2 Kb4 42. Ke3 Rc4 43. Kd3 f4 44. g3 Bf5+ 0-1


[Site "https://www.chess.com"]

[Event "Titled Tuesday Blitz February 07 Early 2023"]
[White "Borges Feria, Yasel"]
[Black "Manukian, Artak"]
[WhiteFideId "3504921"]
[BlackFideId "13301373"]
[WhiteElo "2439"]
[BlackElo "2196"]
[Result "1-0"]
[Round "01"]
[TimeControl "180+2"]
[Date "2023.02.07"]
[WhiteClock "0:00:51"]
[BlackClock "0:00:26"]

1. d4 d5 2. c4 dxc4 3. Nf3 Nf6 4. e3 e6 5. Bxc4 c5 6. O-O a6 7. b3 b5 8. Be2 Bb7 9. Bb2 Nc6 10. a4 b4 11. Nbd2 Be7 12. Rc1 cxd4 13. Nxd4 Nxd4 14. Bxd4 O-O 15. Bf3 Bxf3 16. Nxf3 Qd5 17. Bxf6 Qxd1 18. Rfxd1 Bxf6 19. Rc4 a5 20. Kf1 g5 21. Ke2 h5 22. h3 Kg7 23. g4 hxg4 24. hxg4 Rfc8 25. Rdc1 Rxc4 26. Rxc4 Ra6 27. Rc5 Kg6 28. Nd2 Bd8 29. Nc4 f6 30. Rc8 Be7 31. Rc7 Kf7 32. f4 gxf4 33. exf4 Ke8 34. Rb7 Bd8 35. f5 exf5 36. gxf5 Ra8 37. Kd3 Be7 38. Rb5 Bd8 39. Ke4 Ra7 40. Kf3 Rd7 41. Ke4 Re7+ 42. Kd4 Rd7+ 43. Rd5 Rh7 44. Nxa5 Rh4+ 45. Kd3 Rh3+ 46. Kc4 Rc3+ 47. Kxb4 Bxa5+ 48. Rxa5 Rf3 49. Rc5 Kd7 50. a5 Kd6 51. a6 Rxb3+ 52. Kxb3 Kxc5 53. a7 1-0


[Site "https://www.chess.com"]

[Event "Titled Tuesday Blitz February 07 Early 2023"]
[White "Guliev, Logman"]
[Black "Postny, Evgeny"]
[WhiteFideId "13400061"]
[BlackFideId "2804344"]
[WhiteElo "2250"]
[BlackElo "2549"]
[Result "0-1"]
[Round "01"]
[TimeControl "180+2"]
[Date "2023.02.07"]
[WhiteClock "0:00:58"]
[BlackClock "0:01:18"]

1. e4 c5 2. Nf3 Nc6 3. d4 cxd4 4. Nxd4 e5 5. Nb5 a6 6. Nd6+ Bxd6 7. Qxd6 Qe7 8. Qd1 Nf6 9. Nc3 h6 10. Bc4 d6 11. O-O O-O 12. h3 Be6 13. Bb3 Nd4 14. Be3 Nxb3 15. axb3 Rfd8 16. Bb6 Rd7 17. Ra5 Rc8 18. Qe2 d5 19. exd5 Nxd5 20. Nxd5 Bxd5 21. c4 Rc6 22. Be3 Be4 23. Bc1 Bd3 0-1


[Site "https://www.chess.com"]

[Event "Titled Tuesday Blitz February 07 Early 2023"]
[White "Rakhmanov, Aleksandr"]
[Black "Sai Han Thiha"]
[WhiteFideId "4173708"]
[BlackFideId "13012290"]
[WhiteElo "2632"]
[BlackElo "2070"]
[Result "1-0"]
[Round "01"]
[TimeControl "180+2"]
[Date "2023.02.07"]
[WhiteClock "0:00:04"]
[BlackClock "0:00:04"]

1. d4 Nf6 2. c4 e6 3. Nf3 Bb4+ 4. Bd2 Qe7 5. g3 Nc6 6. Bg2 Bxd2+ 7. Qxd2 Ne4 8. Qc2 Qb4+ 9. Kf1 d5 10. Na3 O-O 11. Rd1 Qe7 12. h4 a6 13. Ng5 f5 14. Nh3 Nb4 15. Qb3 a5 16. cxd5 exd5 17. Nf4 c6 18. Nc2 Nxc2 19. Qxc2 Be6 20. Bf3 Bf7 21. Kg2 Qf6 22. e3 Rfe8 23. Nd3 Re7 24. Rb1 Qd6 25. b4 axb4 26. Rxb4 Ra7 27. Rhb1 Nf6 28. a4 Bh5 29. Bxh5 Nxh5 30. Ne5 Nf6 31. Qxf5 Qd8 32. Nxc6 bxc6 33. Rb8 Rad7 34. a5 Ne4 35. Rxd8+ Rxd8 36. f4 Nd6 37. Qd3 Nc4 38. Re1 Nxa5 39. e4 dxe4 40. Rxe4 Red7 41. Qa3 Nc4 42. Qc5 Nd6 43. Re6 Nb5 44. Rxc6 Nxd4 45. Rc8 Ne6 46. Rxd8+ Rxd8 47. Qe5 Kf7 48. h5 Nf8 49. Qf5+ Kg8 50. Qg5 Re8 51. h6 g6 52. Qf6 Ne6 53. Kh3 g5 54. fxg5 1-0


[Site "https://www.chess.com"]

[Event "Titled Tuesday Blitz February 07 Early 2023"]
[White "Baches Garcia, Guillermo"]
[Black "Acor, Corey"]
[WhiteFideId "2209764"]
[BlackFideId "2024861"]
[WhiteElo "2327"]
[BlackElo "2216"]
[Result "0-1"]
[Round "01"]
[TimeControl "180+2"]
[Date "2023.02.07"]
[WhiteClock "0:00:19"]
[BlackClock "0:00:44"]

1. e4 e5 2. Nf3 Nc6 3. Nc3 g6 4. d4 exd4 5. Nxd4 Bg7 6. Be3 d6 7. Qd2 Be6 8. Nxe6 fxe6 9. Bc4 Qe7 10. O-O Nf6 11. h3 a6 12. f4 O-O 13. f5 gxf5 14. exf5 d5 15. Bb3 Rad8 16. Bh6 Bxh6 17. Qxh6 Nd4 18. fxe6 c6 19. Rae1 Rd6 20. Ne2 Rxe6 21. Nxd4 Rxe1 22. Nf5 Rxf1+ 23. Kxf1 Ne4 24. g4 Ng3+ 25. Kg2 Nxf5 26. gxf5 Rxf5 0-1


[Site "https://www.chess.com"]

[Event "Titled Tuesday Blitz February 07 Early 2023"]
[White "Paichadze, Luka"]
[Black "Gjestemoen-VonHirsch, Andre"]
[WhiteFideId "13602934"]
[BlackFideId "1539531"]
[WhiteElo "2515"]
[BlackElo "2314"]
[Result "1-0"]
[Round "01"]
[TimeControl "180+2"]
[Date "2023.02.07"]
[WhiteClock "0:00:13"]
[BlackClock "0:00:16"]

1. e4 Nf6 2. e5 Nd5 3. c4 Nb6 4. d4 d6 5. f4 dxe5 6. fxe5 c5 7. d5 g6 8. Nc3 Bg7 9. Bf4 O-O 10. Qd2 Bf5 11. Nf3 N8d7 12. h3 g5 13. Bxg5 Nxe5 14. Nxe5 Bxe5 15. Bd3 Bxd3 16. Qxd3 Qd6 17. O-O Qg6 18. Qxg6+ fxg6 19. Bxe7 Rxf1+ 20. Rxf1 Nxc4 21. Bxc5 b6 22. Be7 Bd4+ 23. Kh1 Ne3 24. Rf3 Nf5 25. d6 Nxe7 26. dxe7 Re8 27. Nd5 Bxb2 28. g4 Kg7 29. g5 Bd4 30. Ra3 a5 31. Rb3 Bc5 32. Nxb6 Rxe7 33. Nd5 Re1+ 34. Kg2 Re2+ 35. Kf3 Rf2+ 36. Ke4 Rf7 37. h4 Bd6 38. Rb6 Bf8 39. Nf6 Be7 40. Ne8+ Kf8 41. Rb8 Bb4 42. Nd6+ Ke7 43. Nxf7 Kxf7 44. Rb7+ Kg8 45. Ke5 Bc3+ 46. Ke6 Kh8 47. Kf7 1-0


[Site "https://www.chess.com"]

[Event "Titled Tuesday Blitz February 07 Early 2023"]
[White "The_Sherman_Variation"]
[Black "Galchenko, Matvey"]
[BlackFideId "24175480"]
[WhiteElo "2461"]
[BlackElo "2438"]
[Result "0-1"]
[Round "01"]
[TimeControl "180+2"]
[Date "2023.02.07"]
[WhiteClock "0:00:24"]
[BlackClock "0:00:10"]

1. e4 e6 2. d4 d5 3. Bd3 dxe4 4. Bxe4 Nf6 5. Bf3 c5 6. Ne2 e5 7. dxe5 Qxd1+ 8. Kxd1 Ng4 9. Be3 Nxe3+ 10. fxe3 Nd7 11. Nd2 Nxe5 12. c3 Be7 13. Kc2 Nxf3 14. gxf3 O-O 15. a4 Re8 16. e4 Bg5 17. Nb3 b6 18. Rhg1 Bh6 19. Ng3 Be6 20. Rad1 Rad8 21. Nc1 Be3 22. Rge1 Bf4 23. Nce2 Bc7 24. Rg1 Bd7 25. b3 c4 26. Nh5 cxb3+ 27. Kb2 Kh8 28. Rxg7 Be6 29. Rxd8 Rxd8 30. Nd4 Bc4 31. Rg2 Be5 32. Rd2 a6 33. f4 Bc7 34. Nxb3 Rxd2+ 35. Nxd2 Bd3 36. e5 h6 37. Nf6 Bd8 38. Nd5 Kg7 39. Nb3 Kg6 40. Nd4 Bc4 41. Ne3 Bd3 42. f5+ Kg5 43. e6 Kf6 44. exf7 Kxf7 45. Nd5 Be4 46. Nf4 Bf6 47. Nfe6 Be5 48. Nc6 Kf6 49. Ncd8 Kxf5 50. Nd4+ Bxd4 51. cxd4 Bd5 52. Kc3 Kf6 53. Kb4 Ke7 54. a5 Kxd8 55. axb6 Kd7 56. Kc5 Bb7 57. d5 Ke7 58. h4 h5 59. Kd4 Kd6 60. Kc4 Bxd5+ 61. Kb4 Bb7 62. Ka5 Kc5 63. Ka4 Kxb6 64. Kb4 a5+ 65. Ka4 Bc6+ 0-1


[Site "https://www.chess.com"]

[Event "Titled Tuesday Blitz February 07 Early 2023"]
[White "Vasquez Schroeder, Rodrigo"]
[Black "Nguyen, Hong Anh"]
[WhiteFideId "3400042"]
[BlackFideId "12406732"]
[WhiteElo "2524"]
[BlackElo "1970"]
[Result "1-0"]
[Round "01"]
[TimeControl "180+2"]
[Date "2023.02.07"]
[WhiteClock "0:00:17"]
[BlackClock "0:00:23"]

1. d4 Nf6 2. Nf3 g6 3. c4 Bg7 4. Nc3 d5 5. cxd5 Nxd5 6. e4 Nxc3 7. bxc3 c5 8. h3 O-O 9. Be2 Nc6 10. Be3 Qa5 11. Bd2 Rd8 12. d5 Ne5 13. Nxe5 Bxe5 14. Qc2 e6 15. c4 Qc7 16. Bc3 b5 17. O-O b4 18. Bxe5 Qxe5 19. a3 a5 20. f4 Qd4+ 21. Kh1 Bd7 22. Rad1 Qg7 23. axb4 axb4 24. e5 Ba4 25. Qe4 Bxd1 26. Rxd1 exd5 27. cxd5 f6 28. Bc4 fxe5 29. fxe5 Ra3 30. d6+ Kh8 31. e6 Ra1 32. Rxa1 Qxa1+ 33. Kh2 Qd1 34. Qe5+ Kg8 35. e7+ 1-0


[Site "https://www.chess.com"]

[Event "Titled Tuesday Blitz February 07 Early 2023"]
[White "Przybylski, Wojciech"]
[Black "Kosakowski, Jakub"]
[WhiteFideId "1117599"]
[BlackFideId "1185080"]
[WhiteElo "2321"]
[BlackElo "2485"]
[Result "0-1"]
[Round "01"]
[TimeControl "180+2"]
[Date "2023.02.07"]
[WhiteClock "0:00:01"]
[BlackClock "0:00:07"]

1. e4 e5 2. Nf3 Nc6 3. Bb5 a6 4. Ba4 Nf6 5. O-O Nxe4 6. d4 Be7 7. dxe5 Nc5 8. Bxc6 dxc6 9. Qe2 Bg4 10. h3 Bh5 11. Rd1 Qc8 12. Nbd2 Qe6 13. b3 O-O 14. Bb2 Rad8 15. Ne4 Nxe4 16. Qxe4 Rd5 17. c4 Rd7 18. Nd4 Bxd1 19. Nxe6 fxe6 20. f3 Rfd8 21. Kh2 Rd2 22. Bc3 Re2 23. Qg4 Kf7 24. Qh5+ Kg8 25. Qg4 Kf7 26. h4 Bc2 27. Re1 Bf5 28. Qf4 Rxa2 29. b4 h6 30. c5 g5 31. Qe3 Rd3 32. Qc1 Rxf3 33. Rf1 Rxf1 34. Qxf1 gxh4 35. Kg1 Rc2 36. Qf3 Bg5 37. Bd4 Rc4 38. Be3 Rc3 39. Qh5+ Bg6 40. Qf3+ Kg7 41. Qd1 Rxe3 42. Qd7+ Bf7 43. Qxc7 Re4 44. Qxb7 Be3+ 45. Kf1 Rxe5 46. Qxa6 Bh5 47. Qxc6 Bf4 48. b5 Bg3 49. Qd7+ Kf6 50. Qd8+ Kf5 51. Qf8+ Ke4 0-1


[Site "https://www.chess.com"]

[Event "Titled Tuesday Blitz February 07 Early 2023"]
[White "Ahmadzada, Ahmad"]
[Black "Huber, Benedikt"]
[WhiteFideId "13413007"]
[BlackFideId "12923583"]
[WhiteElo "2488"]
[BlackElo "2272"]
[Result "1-0"]
[Round "01"]
[TimeControl "180+2"]
[Date "2023.02.07"]
[WhiteClock "0:01:14"]
[BlackClock "0:01:44"]

1. Nf3 f5 2. g3 Nf6 3. Bg2 d6 4. O-O e5 5. d3 Be7 6. c4 O-O 7. Nc3 c6 8. b4 Qe8 9. b5 Qh5 10. Bg5 Nbd7 11. bxc6 bxc6 12. Qa4 e4 13. dxe4 fxe4 14. Nxe4 Ne5 15. Nxe5 dxe5 16. Bxf6 Bxf6 17. Qxc6 Bh3 18. Bxh3 Qxh3 19. Rfd1 Rac8 20. Qd5+ Kh8 21. c5 Bd8 22. Nd6 Rc7 23. Nf7+ 1-0


[Site "https://www.chess.com"]

[Event "Titled Tuesday Blitz February 07 Early 2023"]
[White "Minko, Dmitry"]
[Black "Saydaliev, Saidakbar"]
[WhiteFideId "24188468"]
[BlackFideId "14203693"]
[WhiteElo "2247"]
[BlackElo "2434"]
[Result "1-0"]
[Round "01"]
[TimeControl "180+2"]
[Date "2023.02.07"]
[WhiteClock "0:00:40"]
[BlackClock "0:00:43"]

1. e4 c5 2. Nf3 d6 3. d4 cxd4 4. Nxd4 Nf6 5. Nc3 a6 6. f3 e5 7. Nb3 Be6 8. Be3 h5 9. Qd2 Nbd7 10. Nd5 Bxd5 11. exd5 Rc8 12. Na5 b5 13. a4 Nb6 14. Nc6 Qc7 15. axb5 Nbxd5 16. Rxa6 Nxe3 17. Qxe3 Nd5 18. Qd2 Nf4 19. g3 Ne6 20. Bh3 h4 21. Bxe6 fxe6 22. Qg5 hxg3 23. Ra7 Qxa7 24. Nxa7 Rxc2 25. Qg6+ Kd7 26. Qxc2 1-0


[Site "https://www.chess.com"]

[Event "Titled Tuesday Blitz February 07 Early 2023"]
[White "Gabrielian, Artur"]
[Black "Valle Maytin, Luis Enrique"]
[WhiteFideId "4131002"]
[BlackFideId "3503666"]
[WhiteElo "2452"]
[BlackElo "2241"]
[Result "1-0"]
[Round "01"]
[TimeControl "180+2"]
[Date "2023.02.07"]
[WhiteClock "0:00:34"]
[BlackClock "0:00:05"]

1. e4 c6 2. d4 d5 3. e5 c5 4. Nf3 Nc6 5. dxc5 Bg4 6. c3 e6 7. Be3 Bxf3 8. Qxf3 Nxe5 9. Qg3 Nc6 10. Bb5 Ne7 11. O-O a6 12. Ba4 Nf5 13. Qf3 Be7 14. Nd2 Qa5 15. Bxc6+ bxc6 16. b4 Qb5 17. Bf4 O-O 18. a4 Qb7 19. Nb3 Bd8 20. Rfe1 Bc7 21. Rab1 Rfe8 22. Bxc7 Qxc7 23. g3 g6 24. Nd4 Ng7 25. Qf6 Nh5 26. Qe5 Qb7 27. g4 Ng7 28. Re3 Rac8 29. Rbe1 Qa7 30. Rh3 a5 31. Qg5 axb4 32. Qh6 f6 33. Qxh7+ Kf7 34. Rh6 Rh8 35. Qxg6+ Kg8 36. Rxh8+ Kxh8 37. Nxe6 Nxe6 38. Rxe6 bxc3 39. Qxf6+ Qg7 40. Qh4+ Kg8 41. Re7 Qg6 42. Re1 c2 43. Qg3 d4 44. h4 d3 45. h5 Qg5 46. Qxd3 c1=Q 47. Rxc1 Qxc1+ 48. Kg2 Qxc5 49. Qg6+ Kf8 50. Qf6+ Ke8 51. h6 Kd7 52. h7 Qf8 53. Qd4+ Ke7 54. g5 Kf7 55. Qf6+ Ke8 56. Qxf8+ Kxf8 57. h8=Q+ Ke7 58. Qxc8 1-0


[Site "https://www.chess.com"]

[Event "Titled Tuesday Blitz February 07 Early 2023"]
[White "Bilan, Danila"]
[Black "Rakhmatullaev, Almas"]
[WhiteFideId "24161918"]
[BlackFideId "14205793"]
[WhiteElo "2303"]
[BlackElo "2275"]
[Result "0-1"]
[Round "01"]
[TimeControl "180+2"]
[Date "2023.02.07"]
[WhiteClock "0:00:03"]
[BlackClock "0:00:45"]

1. d4 Nf6 2. Nf3 e6 3. g3 d5 4. Bg2 a6 5. O-O b5 6. Bf4 Bb7 7. Nbd2 Nbd7 8. c3 c5 9. a4 c4 10. Qc2 b4 11. Ne5 Qc8 12. e4 b3 13. Qb1 Nxe5 14. Bxe5 Be7 15. Re1 O-O 16. Bxf6 Bxf6 17. exd5 Bxd5 18. Ne4 Be7 19. Qd1 Qb7 20. f3 f5 21. Nd2 f4 22. Qe2 Qc7 23. Kf2 Bd6 24. g4 Rae8 25. Ne4 Be7 26. Kg1 Bh4 0-1


[Site "https://www.chess.com"]

[Event "Titled Tuesday Blitz February 07 Early 2023"]
[White "Maximov, Dmitry"]
[Black "Mohammed, Zozek Salah Mohammed"]
[WhiteFideId "14105659"]
[BlackFideId "4803361"]
[WhiteElo "2497"]
[BlackElo "2210"]
[Result "0-1"]
[Round "01"]
[TimeControl "180+2"]
[Date "2023.02.07"]
[WhiteClock "0:01:14"]
[BlackClock "0:00:37"]

1. e4 e6 2. d4 d5 3. e5 c5 4. c3 Nc6 5. Nf3 Qb6 6. a3 Bd7 7. b4 cxd4 8. cxd4 Rc8 9. Be3 a5 10. b5 Na7 11. a4 Bb4+ 12. Nbd2 Ne7 13. Bd3 Rc3 14. Qe2 Ng6 15. h4 O-O 16. h5 Ne7 17. g4 Rfc8 18. Kf1 Rc1+ 19. Kg2 Rxa1 20. Rxa1 Qd8 21. h6 g6 22. Bg5 Qe8 23. Qe3 Rc3 24. Ne1 Nec8 25. Qf4 Be7 26. Ndf3 Bxg5 27. Nxg5 Qe7 28. Rc1 Rxc1 29. Qxc1 Nb6 30. Nef3 Nxa4 31. Qc7 Nb2 32. Bb1 Nxb5 33. Qxb7 a4 34. Qa8+ Be8 35. Qxa4 Nxa4 36. Nh3 Nac3 37. Bd3 Qa7 0-1


[Site "https://www.chess.com"]